 Dungeon Crawl Stone Soup version 0.27.1-33-g824d729ab1 (webtiles) character file.

Game seed: 9589666850053543618

7581 Kaiern the Fighter (level 10, -2/93 HPs)
             Began as a Minotaur Hunter on Dec 8, 2021.
             Was an Elder of Okawaru.
             Slain by a boulder beetle (19 damage)
             ... on level 11 of the Dungeon.
             The game lasted 00:46:05 (12308 turns).

Kaiern the Fighter (Minotaur Hunter)               Turns: 12308, Time: 00:46:06

Health: -2/93      AC: 14    Str: 26    XL:     10   Next: 97%
Magic:  12/12      EV: 11    Int:  8    God:    Okawaru [****..]
Gold:   719        SH:  0    Dex: 11    Spells: 9/9 levels left

rFire    . . .     SeeInvis .   b - +2 shortbow
rCold    . . .     Faith    .   (shield currently unavailable)
rNeg     . . .     Spirit   .   z - +1 chain mail {rPois}
rPois    +         Reflect  .   J - +1 hat
rElec    .         Harm     .   (no cloak)
rCorr    .         Rampage  .   (no gloves)
Will     .....                  w - +0 pair of boots
Stlth    ..........             y - amulet of the acrobat
HPRegen  0.25/turn              x - +4 ring of slaying
MPRegen  0.13/turn              m - +6 ring of strength

@: spiked
A: horns 2, retaliatory headbutt
a: Renounce Religion, Heroism


You were on level 11 of the Dungeon.
You worshipped Okawaru.
Okawaru was greatly pleased with you.
You visited 2 branches of the dungeon, and saw 12 of its levels.

You collected 719 gold pieces.

Inventory:

Hand Weapons
 a - a +3 morningstar
 b - a +2 shortbow (weapon)
Missiles
 d - 86 arrows (quivered ammo)
 h - 10 javelins
 s - 52 poisoned darts
 u - 43 bolts
 A - a throwing net
Armour
 w - a +0 pair of boots (worn)
 z - a +1 chain mail of poison resistance (worn)
 E - a +1 plate armour of poison resistance
 H - a +0 buckler
 J - a +1 hat (worn)
Jewellery
 m - a +6 ring of strength (right hand)
 o - a ring of poison resistance
 t - a ring of flight
 v - a +6 ring of intelligence
 x - a +4 ring of slaying (left hand)
 y - an amulet of the acrobat (around neck)
 I - a ring of protection from fire
Wands
 c - a wand of paralysis (6)
 p - a wand of charming (10)
 B - a wand of iceblast (13)
Scrolls
 e - 5 scrolls of teleportation
 i - 3 scrolls of amnesia
 n - a scroll of summoning
 G - a scroll of blinking
Potions
 f - a potion of magic {unknown}
 g - 4 potions of brilliance
 j - a potion of attraction {unknown}
 k - 3 potions of mutation
 l - a potion of berserk rage {unknown}
 q - a potion of lignification {unknown}
 r - 2 potions of flight {unknown}
 C - a potion of haste
 D - a potion of curing
Miscellaneous
 F - a phantom mirror


   Skills:
 + Level 10.1 Fighting
 + Level 10.0 Bows
 + Level 9.2 Armour
 + Level 9.3 Dodging
 - Level 0.7 Stealth
 + Level 4.5 Invocations


You had 9 spell levels left.
You didn't know any spells.
Your spell library contained the following spells:

 Spells                   Type           Power      Damage    Failure   Level
 Animate Skeleton         Necr           0%         N/A       91%         1
 Freeze                   Ice            0%         1d3       91%         1
 Pain                     Necr           0%         1d4       91%         1
 Summon Small Mammal      Summ           0%         N/A       91%         1
 Slow                     Hex            0%         N/A       97%         2
 Call Canine Familiar     Summ           0%         N/A       99%         3
 Confusing Touch          Hex            0%         N/A       99%         3
 Frozen Ramparts          Ice            0%         1d2       99%         3
 Ignite Poison            Fire/Tmut/Pois 0%         N/A       99%         3
 Mephitic Cloud           Conj/Pois/Air  0%         N/A       99%         3
 Summon Guardian Golem    Hex/Summ       0%         N/A       99%         3
 Vampiric Draining        Necr           0%         2d6       99%         3
 Airstrike                Air            0%         N/A       100%        4
 Fulminant Prism          Conj/Hex       0%         3d6       100%        4
 Hailstorm                Conj/Ice       0%         3d3       100%        4
 Iskenderun's Mystic Bla  Conj/Tloc      0%         2d3       100%        4
 Summon Lightning Spire   Summ/Air       0%         N/A       100%        4
 Bolt of Magma            Conj/Fire/Erth 0%         4d4       100%        5
 Lee's Rapid Deconstruct  Erth           0%         3d5*      100%        5
 Lightning Bolt           Conj/Air       0%         1d11      100%        5
 Summon Forest            Summ/Tloc      0%         N/A       100%        5
 Summon Mana Viper        Hex/Summ       0%         N/A       100%        5
 Shadow Creatures         Summ           N/A        N/A       100%        6


Dungeon Overview and Level Annotations

Branches:
Dungeon (11/15)            Temple (1/1) D:7            Lair (0/6) D:8
    Orc: D:9-12

Altars:
Ashenzari
Cheibriados
Dithmenos
Elyvilon
Fedhas
Gozag
Hepliaklqana
Kikubaaqudgha
Makhleb
Nemelex Xobeh
Okawaru
Qazlal
Ru
Sif Muna
Trog
Uskayaw
Vehumet
Wu Jian
Xom
Yredelemnul
Zin
The Shining One

Shops:
D:5 :   D:7 !


Innate Abilities, Weirdness & Mutations

You have a pair of horns on your head.
You reflexively headbutt those who attack you in melee.


Message History

Fire: 90 arrows
Press: ? - help, Q - select action, (/) - cycle Shift-Dir - straight line, f/p - centaur warrior zombie
Aim: a centaur warrior zombie (severely damaged, 90% to hit)
You shoot an arrow.
The arrow hits the centaur warrior zombie!
The centaur warrior zombie is almost destroyed.
You carefully extract the barbed spikes from your body.
The centaur warrior zombie closely misses you.
The centaur warrior zombie kicks you but does no damage.
Fire: 89 arrows
Press: ? - help, Q - select action, (/) - cycle Shift-Dir - straight line, f/p - centaur warrior zombie
Aim: a centaur warrior zombie (almost destroyed, 90% to hit)
You shoot an arrow.
The arrow hits the centaur warrior zombie!
You destroy the centaur warrior zombie!
Okawaru accepts your kill.
Fire: 88 arrows
Press: ? - help, Q - select action, (/) - cycle Shift-Dir - straight line, f - boulder beetle
Aim: a boulder beetle (rolling, 92% to hit)
You shoot an arrow.
The arrow hits the boulder beetle but does no damage.
The manticore flicks its tail.
The volley of spikes hits you!
The barbed spikes become lodged in your body.
The boulder beetle hits you!!!
* * * LOW HITPOINT WARNING * * *
The boulder beetle stops rolling and uncurls.
The barbs in your skin will harm you if you move.
Continue?
Uppercase [Y]es or [N]o only, please.
The barbs in your skin will harm you if you move.
Continue?
The barbed spikes dig painfully into your body as you move.
* * * LOW HITPOINT WARNING * * *
The boulder beetle curls into a ball and begins rolling!
Fire: 87 arrows
Press: ? - help, Q - select action, (/) - cycle Shift-Dir - straight line, f/p - boulder beetle
Aim: a boulder beetle (92% to hit)
You shoot an arrow. The arrow hits the boulder beetle!
The boulder beetle is lightly wounded.
The boulder beetle bites you!!
You die...

#..#
#..##.....#..#
..........#..#
.........#..#
#B(...(.#..#
#.......#..#
#....°○ #..#
#....(###..#######
#....HB@.........#
#.....###........#
#...... #.......##
#...$...#.......#
#.#######.......#
+.#.............#
# #.....>.......#
..............#
........#######


You could see 2 boulder beetles and a manticore.

Vanquished Creatures
  2 two-headed ogres (D:9)
  2 centaur zombies
  A hornet (D:7)
  A shadow (D:9)
  6 yaks (D:10)
  A wyvern (D:9)
  Grum (D:8)
  Eustachio (D:6)
  A steam dragon (D:8)
  2 water moccasins
  6 orc warriors
  3 ogres
  A centaur (D:8)
  4 wolves (D:8)
  A phantom (D:4)
  3 kobold brigands (D:9)
  Blork the orc (D:6)
  A bullfrog (D:6)
  2 scorpions
  2 gnoll sergeants
  2 wyvern zombies (D:8)
  14 killer bees
  4 wights (D:8)
  2 howler monkeys
  3 jellies
  4 hounds
  4 orc priests
  An iguana (D:7)
  7 orc wizards
  2 killer bee zombies
  11 gnolls
  4 adders
  A howler monkey skeleton (D:6)
  A shadow imp (D:8)
  2 white imps
  3 ufetubi
  2 dart slugs
  21 orcs
  4 ball pythons
  3 bats
  3 endoplasms
  5 giant cockroaches
  5 goblins
  6 hobgoblins
  2 jackals (D:3)
  15 kobolds
  6 quokkas
  3 frilled lizards
  7 rats
189 creatures vanquished.

Vanquished Creatures (others)
  4 plants (D:3)
4 creatures vanquished.

Grand Total: 193 creatures vanquished

Notes
Turn   | Place    | Note
-------+----------+-------------------------------------------
     0 | D:1      | Kaiern the Minotaur Hunter began the quest for the Orb.
     0 | D:1      | Reached XP level 1. HP: 18/18 MP: 0/0
   118 | D:1      | Reached XP level 2. HP: 25/25 MP: 1/1
   464 | D:1      | Found a faded altar of an unknown god.
   630 | D:2      | Found an ornate altar of the Wu Jian Council.
   903 | D:2      | Reached XP level 3. HP: 31/31 MP: 2/2
  1821 | D:3      | Reached skill level 5 in Bows
  1945 | D:3      | Reached XP level 4. HP: 33/39 MP: 3/3
  2308 | D:4      | Found an ancient bone altar of Kikubaaqudgha.
  3070 | D:4      | Noticed an ogre
  3076 | D:4      | Killed an ogre
  3077 | D:4      | Reached skill level 1 in Armour
  3077 | D:4      | Reached XP level 5. HP: 47/47 MP: 4/4
  3119 | D:4      | Noticed a phantom
  3130 | D:4      | Killed a phantom
  3131 | D:4      | Reached XP level 6. HP: 46/53 MP: 5/5
  3504 | D:5      | Entered Level 5 of the Dungeon
  3594 | D:5      | Reached skill level 5 in Fighting
  3752 | D:5      | Noticed a water moccasin
  3766 | D:5      | Killed a water moccasin
  3773 | D:5      | Reached XP level 7. HP: 22/61 MP: 6/6
  4013 | D:5      | Found Nink's Book Shop.
  4110 | D:5      | Reached skill level 5 in Dodging
  4536 | D:6      | Noticed Eustachio
  4688 | D:6      | Killed Eustachio
  4951 | D:6      | Noticed Blork the orc
  4958 | D:6      | Killed Blork the orc
  4959 | D:6      | Reached XP level 8. HP: 70/70 MP: 7/7
  5013 | D:6      | Reached skill level 5 in Armour
  6010 | D:7      | Noticed a hornet
  6017 | D:7      | Killed a hornet
  6295 | D:7      | Found Wiuwa's Distillery.
  6442 | D:7      | Reached XP level 9. HP: 79/79 MP: 8/8
  6665 | D:7      | Found a staircase to the Ecumenical Temple.
  6674 | Temple   | Entered the Ecumenical Temple
  6848 | Temple   | Became a worshipper of Warmaster Okawaru
  7333 | D:8      | Found a staircase to the Lair.
  7343 | D:8      | Noticed Grum
  7355 | D:8      | Reached * piety under Okawaru
  7392 | D:8      | Killed Grum
  7683 | D:8      | Reached skill level 1 in Invocations
  7688 | D:8      | HP: 2/82 [orc priest (7)]
  8205 | D:8      | Reached ** piety under Okawaru
  9553 | D:9      | Reached XP level 10. HP: 58/91 MP: 10/10
  9884 | D:9      | Found an ornate altar of the Wu Jian Council.
  9885 | D:9      | Noticed a two-headed ogre
  9892 | D:9      | Killed a two-headed ogre
  9947 | D:9      | Noticed a two-headed ogre
  9958 | D:9      | Killed a two-headed ogre
 10240 | D:9      | Reached *** piety under Okawaru
 11303 | D:10     | Entered Level 10 of the Dungeon
 11457 | D:10     | Reached skill level 10 in Fighting
 11459 | D:10     | Reached **** piety under Okawaru
 11951 | D:10     | Reached skill level 10 in Bows
 12080 | D:10     | Received a gift from Okawaru
 12296 | D:11     | Noticed a boulder beetle
 12296 | D:11     | Noticed a manticore
 12303 | D:11     | Noticed a boulder beetle
 12308 | D:11     | Slain by a boulder beetle

Illustrated notes

Levels and vault maps discovered:
D:1:      eino_arrival_water_star, layout_rooms,
          dilly_ecumenical_altar_fadedgnrine
D:2:      layout_loops_ring, basic_altar, serial_glass, glass_columns_a,
          glass_columns_c, glass_columns_a, glass_columns_a, glass_columns_a,
          glass_columns_a, glass_columns_c, glass_columns_a,
          kennysheep_generic_room_5
D:3:      wad_lake_hut, layout_rooms, serial_rivers,
          chequers_serial_rivers_large_b, chequers_serial_rivers_small_3,
          chequers_serial_rivers_micro_b, chequers_serial_rivers_small_3,
          chequers_serial_rivers_micro_a, feat_on_display
D:4:      layout_gridville, amcnicky_altar_gilded
D:5:      layout_rooms, serial_shops, kennysheep_mini_moat
D:6:      layout_cave_pods, corner_web_ring, uniq_eustachio, uniq_blork_the_orc
D:7:      layout_rooms, minmay_temple_entry_statues_fountains, serial_shops,
          nicolae_stop_n_shop_1
D:8:      layout_loops_corners, lair_entry_dummy, uniq_grum
D:9:      layout_basic, nicolae_wu_jian_wuxing_cycle, serial_corexii_hall,
          corexii_hall_statues_deadend, chequers_hall_statues_corner_a,
          minmay_misc_feat_rows
D:10:     layout_basic
D:11:     layout_irregular_city, orc_0_dummy,
          minmay_the_grid_square_5x5_3x3_mashed
          [minmay_the_grid_square_5x5_half_checkered,
          minmay_the_grid_square_5x5_beaten_path,
          minmay_the_grid_square_5x5_dogpile,
          minmay_the_grid_square_5x5_doubleslash,
          minmay_the_grid_square_5x5_megaprize_diamond,
          minmay_the_grid_square_5x5_tetrominoes,
          minmay_the_grid_square_5x5_eight_small,
          minmay_the_grid_square_5x5_comb, minmay_the_grid_square_5x5_shuriken]
Temple:   regret_index_temple_chain_breaker

Skill      XL: |  1  2  3  4  5  6  7  8  9 10 |
---------------+-------------------------------+-----
Fighting       | 3 4 5 6 7 9 10 | 10.1
Dodging        | 3 4 5 7 8 9 |  9.3
Bows           | 5 6 8 9 10 | 10.0
Armour         | 1 2 3 4 6 7 9 |  9.2
Invocations    | 2 4 |  4.5
Stealth        | |  0.7

Action                   |  1- 3 |  4- 6 |  7- 9 | 10-12 || total
-------------------------+-------+-------+-------+-------++-------
Melee: Short sword       |    15 |       |       |       ||    15
       Headbutt          |     3 |     6 |    20 |     6 ||    35
       Mace              |     5 |    40 |   104 |       ||   149
       Morningstar       |       |       |     5 |    30 ||    35
 Fire: Shortbow          |    80 |    34 |   205 |   104 ||   423
  Use: Scroll            |       |     5 |     3 |     2 ||    10
       Potion            |       |       |     2 |       ||     2
Armor: Leather armour    |     2 |     2 |       |       ||     4
       Chain mail        |       |    22 |    89 |    38 ||   149
Dodge: Dodged            |    20 |    35 |   128 |    49 ||   232
